 Dungeon Crawl Stone Soup version 0.20.1-1-g8b1a95d (webtiles) character file.

9863 Jukra the Basher (level 11, -2/150 HPs)
             Began as a Minotaur Berserker on Sept 3, 2017.
             Was a High Priest of Trog.
             Succumbed to Sonja's poison
             ... on level 2 of the Orcish Mines.
             The game lasted 00:48:32 (7892 turns).

Jukra the Basher (Minotaur Berserker)               Turns: 7892, Time: 00:48:32

Health: -2/150     AC: 16    Str: 31    XL:     11   Next: 28%
Magic:  1/10       EV: 11    Int:  4    God:    Trog [*****.]
Gold:   447        SH:  0    Dex: 12    Spells: 10/10 levels left

rFire    + . .     SeeInvis +   g - +12 dire flail of the Weasel {drain, Stlth+}
rCold    + . .     Gourm    .   (shield currently unavailable)
rNeg     . . .     Faith    .   k - +3 chain mail {rC+}
rPois    .         Spirit   +   (helmet restricted)
rElec    .         Reflect  .   s - scarf {Spirit}
rCorr    .         Harm     .   (no gloves)
MR       .....     Rnd*Rage +   p - +0 pair of boots
Stlth    ..........             (no amulet)
Regen    0.4/turn               v - ring of protection from fire
MPRegen  0.2/turn               H - +3 ring of dexterity

@: berserking, lethally poisoned (-2 -> -66), slowed
A: retaliatory headbutt, horns 2, see invisible, berserk 1
a: Berserk, Trog's Hand, Brothers in Arms, Burn Spellbooks, Renounce Religion


You were on level 2 of the Orcish Mines.
You worshipped Trog.
Trog was extremely pleased with you.
You were very hungry.

You visited 3 branches of the dungeon, and saw 13 of its levels.

You collected 744 gold pieces.
You spent 297 gold pieces at shops.

Inventory:

Hand Weapons
 a - a +0 hand axe
 c - a +2 mace of protection
 g - the +12 dire flail of the Weasel (weapon) {drain, Stlth+}
   (Trog gifted it to you on level 9 of the Dungeon)

   A truly terrible weapon, it drains the life of those it strikes.
   It makes you more stealthy.
 q - a +1 hand axe of electrocution
 x - a +1 morningstar of flaming
 y - a +2 morningstar of draining
 E - a cursed +1 short sword
 O - a +3 great sword
 P - a +3 war axe of freezing
 Q - a +0 quarterstaff of protection
Missiles
 w - 69 arrows
 B - 3 tomahawks (quivered)
Armour
 k - a +3 chain mail of cold resistance (worn)
 p - a +0 pair of boots (worn)
 s - a scarf of spirit shield (worn)
 t - a +1 animal skin
 K - a +0 troll leather armour
Magical Staves
 F - an uncursed staff of earth {unknown}
 J - an uncursed staff of cold {unknown}
Jewellery
 v - a ring of protection from fire (left hand)
 H - a +3 ring of dexterity (right hand)
 L - an uncursed ring of resist corrosion
Wands
 e - a wand of digging (12/24)
 o - a wand of random effects (42/48)
 C - a wand of iceblast (6/15)
 G - a wand of paralysis (3/24)
Scrolls
 b - 6 scrolls of teleportation
 i - 6 scrolls of identify
 j - 8 scrolls of remove curse
Potions
 m - 3 potions of curing
 r - 2 potions of agility
 M - a potion of lignification
Books
 d - a book of Minor Magic

   Spells                             Type                      Level
   a - Magic Dart                     Conjuration                  1
   b - Blink                          Translocation                2
   c - Call Imp                       Summoning                    2
   d - Slow                           Hexes                        2
   e - Conjure Flame                  Conjuration/Fire             3
   f - Mephitic Cloud                 Conjuration/Poison/Air       3
   Trog disapproves of the use of such an item.
Comestibles
 f - 3 fruits
 h - 10 meat rations
 n - 3 bread rations


   Skills:
 * Level 10.2 Fighting
 - Level 8.1(11.7) Axes
 * Level 13.3(14.1) Maces & Flails
 * Level 10.0 Armour
 + Level 4.2 Dodging
 - Level 1.3 Stealth


You had 10 spell levels left.
You didn't know any spells.

Dungeon Overview and Level Annotations

Branches:
Dungeon (11/15)            Temple (1/1) D:7            Lair (0/6) D:9
    Orc (2/2) D:11
    Elf: Orc:2

Altars:
Ashenzari
Cheibriados
Dithmenos
Elyvilon
Fedhas
Gozag
Hepliaklqana
Kikubaaqudgha
Makhleb
Nemelex Xobeh
Okawaru
Qazlal
Ru
Sif Muna
Trog
Uskayaw
Vehumet
Xom
Yredelemnul
Zin
The Shining One

Shops:
D:4 ?([   D:11 }   Orc:2 %}

Annotations:
Orc:2 Sonja


Innate Abilities, Weirdness & Mutations

You reflexively headbutt those who attack you in melee.
You have a pair of horns on your head.
You have supernaturally acute eyesight. (SInv)
You tend to lose your temper in combat.


Message History

Trog accepts your kill.
The orc wizard hits you but does no damage.
You closely miss Sonja. Your headbutt misses Sonja.
* * * LOW HITPOINT WARNING * * *
You feel sick.
The orc wizard points at you and mumbles some strange words.
The magic dart hits you!
* * * LOW HITPOINT WARNING * * *
You barely miss Sonja.
* * * LOW HITPOINT WARNING * * *
You feel very sick.
Sonja unwields an uncursed blowgun.
Sonja wields an uncursed dagger of venom.
It begins to drip with poison!
Sonja barely misses you.
Sonja hits you with an uncursed dagger of venom.
You are more poisoned.
Sonja hits you but does no damage.
You are more poisoned.
Your chain mail prevents you from hitting Sonja.
You die...

.# ### ###.## ###.##
###....# ##....#
#.#....## ###.<...##
##.......####........##
##........(##...........
#......o....(.....#.....
.......Ko.o.(.....#.....
.......@#........##.....
...##.###o........##....
# #.o.......###<...
##.........##....
#.........##....
.....#..........
.....##...... ...


You could see Sonja, an orc priest, an orc wizard and an orc.

Vanquished Creatures
  4 two-headed ogres
  The ghost of Jukra the Cleaver, a novice MiBe of Trog (D:5)
  2 trolls
  Grinder (D:3)
  The ghost of gwathlobal the Skirmisher, an amateur OgAK of Lugonu (D:4)
  3 hippogriffs
  A vampire (D:7)
  A wraith (D:7)
  Grum (D:11)
  A hungry ghost (D:7)
  Menkaure (D:7)
  A soldier ant (D:9)
  3 wargs (D:9)
  Duvessa (D:5)
  A black bear (D:9)
  A sky beast (D:8)
  2 phantoms
  4 orc warriors
  5 ogres
  2 eyes of draining
  A necrophage (D:8)
  2 centaurs
  The ghost of monokles the Poker, an amateur DsGl of Dithmenos (D:3)
  3 wolves (D:11)
  4 bullfrogs
  Dowan (D:5)
  A wyvern skeleton (D:7)
  4 scorpions
  6 wights
  5 crimson imps
  A bullfrog zombie (D:7)
  2 quasits
  8 orc priests
  6 hounds
  A bullfrog skeleton (D:8)
  A jelly (D:7)
  2 centaur skeletons (D:7)
  An iguana (D:5)
  7 orc wizards
  9 worker ants
  A hound skeleton (D:6)
  A worker ant zombie (D:7)
  10 gnolls
  13 adders
  4 shadow imps
  2 oozes
  2 adder skeletons
  5 dart slugs
  A leopard gecko (D:7)
  44 orcs
  6 bats
  3 giant cockroaches
  4 goblins
  5 hobgoblins
  6 jackals
  A quokka (D:5)
  2 ball pythons (D:3)
  10 frilled lizards
  9 kobolds
  A quokka zombie (D:8)
  6 rats
239 creatures vanquished.

Notes
Turn   | Place    | Note
-------+----------+-------------------------------------------
     0 | D:1      | Jukra the Minotaur Berserker began the quest for the Orb.
     0 | D:1      | Reached XP level 1. HP: 19/19 MP: 0/0
   158 | D:1      | Reached XP level 2. HP: 23/27 MP: 1/1
   523 | D:2      | Found a faded altar of an unknown god.
   641 | D:2      | Reached XP level 3. HP: 12/33 MP: 2/2
  1073 | D:2      | Reached XP level 4. HP: 31/41 MP: 1/3
  1118 | D:2      | Reached ** piety under Trog
  1176 | D:2      | Found a white marble altar of Elyvilon.
  1464 | D:3      | Reached skill level 5 in Axes
  1476 | D:3      | Reached XP level 5. HP: 12/47 MP: 1/4
  1762 | D:3      | Gained mutation: You tend to lose your temper in combat. [potion of mutation]
  1762 | D:3      | Gained mutation: You have supernaturally acute eyesight. (SInv) [potion of mutation]
  1866 | D:3      | Noticed Grinder
  1876 | D:3      | Killed Grinder
  1876 | D:3      | Reached skill level 5 in Fighting
  1876 | D:3      | Reached skill level 2 in Maces & Flails
  1876 | D:3      | Reached XP level 6. HP: 47/56 MP: 3/5
  1998 | D:3      | Noticed monokles's ghost (amateur DsGl)
  2002 | D:3      | Killed monokles's ghost
  2002 | D:3      | Reached skill level 3 in Maces & Flails
  2192 | D:4      | Reached *** piety under Trog
  2193 | D:4      | Reached XP level 7. HP: 52/61 MP: 4/6
  2208 | D:4      | Found a sacrificial altar of Ru.
  2248 | D:4      | Found Mudoifful's Armour Shoppe.
  2360 | D:4      | Reached skill level 4 in Maces & Flails
  2422 | D:4      | Found Ejoggaocko's Antique Weapon Boutique.
  2533 | D:4      | Noticed gwathlobal's ghost (amateur OgAK)
  2543 | D:4      | Killed gwathlobal's ghost
  2543 | D:4      | Reached skill level 5 in Maces & Flails
  2543 | D:4      | Reached skill level 5 in Armour
  2755 | D:4      | Found Nogaps's Magic Scroll Shoppe.
  2763 | D:4      | Bought a scroll of enchant armour for 97 gold pieces
  2870 | D:5      | Entered Level 5 of the Dungeon
  2905 | D:5      | Found a bloodstained altar of Trog.
  2959 | D:5      | Reached skill level 6 in Maces & Flails
  2959 | D:5      | Reached XP level 8. HP: 68/70 MP: 5/7
  2977 | D:5      | Noticed Jukra's ghost (novice MiBe)
  2986 | D:5      | Killed Jukra's ghost
  2986 | D:5      | Reached skill level 7 in Maces & Flails
  3039 | D:5      | Noticed Duvessa
  3041 | D:5      | Noticed Dowan
  3043 | D:5      | Killed Duvessa
  3043 | D:5      | Reached skill level 8 in Maces & Flails
  3058 | D:5      | Killed Dowan
  3286 | D:5      | Found a snail-covered altar of Cheibriados.
  3417 | D:5      | Found a deep blue altar of Sif Muna.
  3771 | D:5      | Reached **** piety under Trog
  3789 | D:6      | Reached skill level 9 in Maces & Flails
  3789 | D:6      | Reached XP level 9. HP: 79/79 MP: 8/8
  3862 | D:6      | Found a burning altar of Makhleb.
  4019 | D:6      | Found a stormy altar of Qazlal.
  4497 | D:7      | Reached skill level 10 in Maces & Flails
  4506 | D:7      | Found a staircase to the Ecumenical Temple.
  4529 | Temple   | Entered the Ecumenical Temple
  4918 | D:7      | Found an ancient bone altar of Kikubaaqudgha.
  5017 | D:7      | Reached skill level 1 in Stealth
  5042 | D:7      | Found a hazy altar of Hepliaklqana.
  5045 | D:7      | Found a transporter.
  5051 | D:7      | Found a transporter.
  5062 | D:7      | Found a basalt altar of Yredelemnul.
  5066 | D:7      | Noticed Menkaure
  5102 | D:7      | HP: 3/81 [wraith (7)]
  5110 | D:7      | HP: 1/121 [vampire/vampiric draining (4)]
  5116 | D:7      | HP: 1/121 [jackal (1)]
  5321 | D:7      | Reached skill level 11 in Maces & Flails
  5474 | D:7      | Killed Menkaure
  6000 | D:8      | Noticed a troll
  6008 | D:8      | Killed a troll
  6008 | D:8      | Reached XP level 10. HP: 73/90 MP: 7/9
  6071 | D:8      | Noticed a two-headed ogre
  6080 | D:8      | Killed a two-headed ogre
  6080 | D:8      | Reached skill level 12 in Maces & Flails
  6314 | D:8      | Reached ***** piety under Trog
  6606 | D:8      | Noticed a two-headed ogre
  6614 | D:8      | Killed a two-headed ogre
  6694 | D:8      | Found an iron altar of Okawaru.
  6791 | D:9      | Found a staircase to the Lair.
  6875 | D:9      | Found a radiant altar of Vehumet.
  7195 | D:9      | Received a gift from Trog
  7306 | D:9      | Got a dazzling dire flail {god gift}
  7318 | D:9      | Identified the +12 dire flail of the Weasel {drain, Stlth+} (Trog gifted it to you on level 9 of the Dungeon)
  7440 | D:9      | Noticed a two-headed ogre
  7448 | D:9      | Killed a two-headed ogre
  7448 | D:9      | Reached XP level 11. HP: 84/97 MP: 10/10
  7514 | D:9      | You fall through a shaft for 2 floors!
  7557 | D:11     | Found Eqie's Gadget Shop.
  7579 | D:11     | Noticed Grum
  7582 | D:11     | Reached skill level 13 in Maces & Flails
  7589 | D:11     | Killed Grum
  7628 | D:11     | Found a staircase to the Orcish Mines.
  7637 | Orc:1    | Entered Level 1 of the Orcish Mines
  7651 | Orc:1    | Reached skill level 10 in Fighting
  7710 | Orc:1    | Noticed a two-headed ogre
  7715 | Orc:1    | Killed a two-headed ogre
  7715 | Orc:1    | Reached skill level 10 in Armour
  7797 | Orc:2    | Entered Level 2 of the Orcish Mines
  7799 | Orc:2    | Found Ocvolac's Quality Used Wands.
  7839 | Orc:2    | Found Coniu's Food Shop.
  7848 | Orc:2    | Bought a meat ration for 50 gold pieces
  7848 | Orc:2    | Bought a meat ration for 50 gold pieces
  7848 | Orc:2    | Bought a meat ration for 50 gold pieces
  7848 | Orc:2    | Bought a meat ration for 50 gold pieces
  7879 | Orc:2    | Noticed Sonja
  7890 | Orc:2    | HP: 6/150 [poisoned by Sonja (curare-tipped needle)]
  7891 | Orc:2    | HP: 1/150 [poisoned by Sonja (curare-tipped needle)]
  7892 | Orc:2    | Succumbed to Sonja's poison

Skill      XL: |  1  2  3  4  5  6  7  8  9 10 11 |
---------------+----------------------------------+-----
Fighting       | 4 5 6 7 8 9 10 | 10.2
Axes           | 4 5 6 8 |  8.1
Armour         | 3 4 5 7 9 10 | 10.0
Maces & Flails | 2 3 6 9 11 12 13 | 13.3
Dodging        | 3 4 |  4.2
Stealth        | 1 |  1.3

Action                   |  1- 3 |  4- 6 |  7- 9 | 10-12 || total
-------------------------+-------+-------+-------+-------++-------
Melee: Hand axe          |    78 |    45 |       |       ||   123
       Headbutt          |    10 |    12 |    42 |    34 ||    98
       Morningstar       |       |    51 |   216 |    45 ||   312
       War axe           |       |       |       |    74 ||    74
       Dire flail        |       |       |       |    65 ||    65
Invok: Berserk           |     1 |       |     1 |     1 ||     3
       Burn Spellbooks   |       |     1 |       |       ||     1
  Use: Potion            |     2 |     3 |     3 |     2 ||    10
       Scroll            |       |     7 |     5 |     9 ||    21
  Eat: Chunk             |     1 |       |       |     2 ||     3
       Royal jelly       |       |     1 |     1 |       ||     2
       Bread ration      |       |     1 |     1 |       ||     2
       Fruit             |       |       |     6 |       ||     6
       Meat ration       |       |       |     1 |       ||     1
Armor: Ring mail         |    10 |       |       |       ||    10
       Animal skin       |     3 |       |       |       ||     3
       Chain mail        |    28 |    59 |   111 |    86 ||   284
Dodge: Dodged            |    52 |    67 |   111 |    82 ||   312
